 Dungeon Crawl Stone Soup version 0.30.0-5-g1a98f26d00 (webtiles) character file.

Game seed: 3317746753930323584

116 Demosthentine the Poker (level 4, -3/35 HPs)
             Began as a Demonspawn Gladiator on May 10, 2023.
             Slain by Natasha (8 damage)
             ... on level 3 of the Dungeon.
             The game lasted 00:01:57 (2153 turns).

Demosthentine the Poker (Demonspawn Gladiator)      Turns: 2153, Time: 00:01:57

Health: -3/35      AC:  7    Str: 17    XL:     4   Next: 70%
Magic:  4/4        EV: 12    Int:  9    God:
Gold:   85         SH:  0    Dex: 14    Spells: 3/3 levels left

rFire   . . .        a - +0 trident
rCold   . . .        (no shield)
rNeg    . . .        b - +0 leather armour
rPois   .            c - +0 helmet
rElec   .            m - +0 cloak
rCorr   .            (no gloves)
SInv    .            (no boots)
Will    .....        (no amulet)
Stlth   +            (no ring)
HPRegen 0.25/turn    (no ring)
MPRegen 0.09/turn

%: no passive effects
@: no status effects
A: yellow scales 1, ignite blood 2
a: no special abilities


You were on level 3 of the Dungeon.
You visited 1 branch of the dungeon, and saw 3 of its levels.

You collected 85 gold pieces.

Inventory:

Hand Weapons
 a - a +0 trident (weapon)
Missiles
 e - a javelin
 j - 4 poisoned darts
 l - 3 throwing nets (quivered)
Armour
 b - a +0 leather armour (worn)
 c - a +0 helmet (worn)
 m - a +0 cloak (worn)
Wands
 d - a wand of polymorph (4)
Scrolls
 g - 4 scrolls of identify
 h - a scroll of teleportation
Potions
 f - a potion of curing
 i - a potion of haste


   Skills:
 + Level 3.0 Fighting
 + Level 3.4 Polearms
 - Level 1.7 Throwing
 + Level 1.7 Armour
 + Level 3.4 Dodging


You had 3 spell levels left.
You didn't know any spells.
Your spell library was empty.

Dungeon Overview and Level Annotations

Branches:
Dungeon (3/15)

Altars:

Annotations:
D:3 Natasha


Innate Abilities, Weirdness & Mutations

You are partially covered in yellow scales. (AC +2)
Your demonic aura often causes spilled blood to erupt in flames.


Message History

The ball python grabs you. The ball python constricts you.
The bat hits you but does no damage. The adder bites you but does no damage.
You feel better. The bat hits you but does no damage.
The ball python bites you.
The ball python bites you but does no damage.
The ball python constricts you. The adder bites you but does no damage.
The gnoll barely misses you.
You closely miss the bat. The bat barely misses you.
The ball python barely misses you. The ball python closely misses you.
The ball python constricts you. The adder bites you but does no damage.
The gnoll hits you but does no damage. The gnoll hits you with a +0 club.
* * * LOW HITPOINT WARNING * * *
The ball python bites you but does no damage.
The ball python constricts you.
* * * LOW HITPOINT WARNING * * *
The ball python bites you.
* * * LOW HITPOINT WARNING * * *
You escape the ball python's grasp.
Natasha, Servant of Life and Death comes into view.
Found a short sword.
The bat barely misses you. The adder bites you but does no damage.
Unknown command.
The bat hits you but does no damage.
Natasha mumbles some strange words.
The gnoll hits you but does no damage.
Unknown command.
The adder attacks as you move away! The adder closely misses you.
Natasha casts a spell at you. You resist with some effort.
Unknown command.
The gnoll attacks as you move away! The gnoll barely misses you.
Unknown command.
The adder attacks as you move away! The adder closely misses you.
Unknown command.
The gnoll attacks as you move away! The gnoll hits you but does no damage.
The cerulean imp closely misses you. Natasha misses you.
The adder barely misses you.
Unknown command.
Natasha attacks as you move away! Natasha claws you!
You die...

#...######+
#............)...#
######.................
.....(...............#
.............$.......#
.....................+
..............gg5....#
..............gh.....#
.............bSS@....#
..............gS.....#
....(................#
.........#############
......?..# ##########


You could see Natasha, 3 gnolls, a cerulean imp (summoned), an adder, a
hobgoblin, a bat and 2 ball pythons.

Vanquished Creatures
  Crazy Yiuf (D:2)
  2 gnolls
  2 adders (D:2)
  2 worms
  A dart slug (D:2)
  6 bats
  3 endoplasms (D:2)
  4 goblins
  3 hobgoblins (D:2)
  4 quokkas
  3 ball pythons
  A frilled lizard (D:2)
  4 kobolds
  7 rats
43 creatures vanquished.

Notes
Turn   | Place    | Note
-------+----------+-------------------------------------------
     0 | D:1      | Demosthentine the Demonspawn Gladiator began the quest for
                  | the Orb.
     0 | D:1      | Reached XP level 1. HP: 16/16 MP: 1/1
   175 | D:1      | Gained mutation: You are partially covered in yellow
                  | scales. (AC +2) [demonic ancestry]
   175 | D:1      | Reached XP level 2. HP: 15/22 MP: 2/2
   248 | D:1      | Reached skill level 1 in Armour
   678 | D:1      | Gained mutation: Your demonic aura sometimes causes spilled
                  | blood to erupt in flames. [demonic ancestry]
   678 | D:1      | Reached XP level 3. HP: 28/28 MP: 3/3
  1581 | D:2      | Gained mutation: Your demonic aura often causes spilled
                  | blood to erupt in flames. [demonic ancestry]
  1581 | D:2      | Reached XP level 4. HP: 31/34 MP: 4/4
  1629 | D:2      | Found a runed translucent door.
  1630 | D:2      | Noticed Crazy Yiuf
  1855 | D:2      | Killed Crazy Yiuf
  2147 | D:3      | Noticed Natasha
  2153 | D:3      | Slain by Natasha

Illustrated notes

Levels and vault maps discovered:
D:1:      dpeg_arrival_brainrot, layout_basic, chequers_serial_rivers_micro_d,
          grunt_decor_resistance, nicolae_eternal_life,
          minmay_misc_feat_pillars, serial_park_tiny_2, nrook_mini_vaults,
          hangedman_decor_riveting, columned_hall_lemuel
D:2:      layout_basic, uniq_crazy_yiuf_cottage
D:3:      layout_basic, fedhas_altar_1, uniq_natasha, uniq_ijyb

Skill      XL: |  1  2  3  4 |
---------------+-------------+-----
Dodging        | 3 |  3.4
Polearms       | 3 |  3.4
Armour         | 1 |  1.7
Fighting       | 3 |  3.0
Throwing       | |  1.7

Action                     |  1- 3 |  4- 6 || total
---------------------------+-------+-------++-------
  Melee: Trident           |   136 |    19 ||   155
         Unarmed           |       |     4 ||     4
  Throw: Throwing net      |       |     3 ||     3
    Use: Scroll            |     2 |     1 ||     3
         Potion            |       |     2 ||     2
   Stab: Sleeping          |     2 |       ||     2
 Armour: Leather armour    |    43 |    26 ||    69
  Dodge: Dodged            |    75 |    37 ||   112
